Map: Scythe of Amon

Players

monk

  • Race: Protoss Protoss
  • Spawn Location: 5:00

sTkmonk

  • Race: Terran Terran
  • Spawn Location: 5:00

VOD

Have the link to the VOD?

Description

Time

  • Played on: Aug. 25, 2017, 7:34 p.m.
  • Length: 19:15
Show
View Real Time Build Order
Export as new Build Order

monk Protoss 

Build Orders:  

Get SALT Encoding   

  12  0:02  Probe (Chrono Boost)  
  12  0:06  Dark Pylon  
  13  0:16  Probe (Chrono Boost)  
  14  0:23  Assimilator  
  14  0:30  Probe (Chrono Boost)  
  14  0:36  Assimilator  
  15  0:44  Probe (Chrono Boost)  
  16  0:58  Probe (Chrono Boost)  
  17  1:07  Gateway  
  17  1:12  Probe (Chrono Boost)  
  18  1:25  Probe (Chrono Boost)  
  19  1:30  Forge  
  19  1:39  Probe (Chrono Boost)  
  19  1:42  Pylon  
  20  1:53  Probe (Chrono Boost)  
  21  2:06  Protoss Ground Weapons Level 1 (Chrono Boost)  
  21  2:07  Probe (Chrono Boost)  
  22  2:13  Cybernetics Core  
  22  3:10  Death Council  
  22  4:03  Warp Gate  
  22  4:14  Nexus  
  22  4:15  Dark Pylon  
  22  4:18  Assimilator  
  22  4:21  Probe  
  22  4:25  Photon Cannon  
  22  4:27  Photon Cannon  
  23  4:31  Photon Cannon  
  23  4:35  Assimilator  
  23  4:36  Protoss Ground Weapons Level 2 (Chrono Boost)  
  23  4:38  Probe (Chrono Boost)  
  24  4:41  Dark Shrine  
  24  4:54  Probe (Chrono Boost)  
  25  5:02  Gateway  
  25  5:06  Gateway  
  25  5:07  Probe (Chrono Boost)  
  26  5:13  Gateway  
  26  5:21  Probe (Chrono Boost)  
  27  5:35  Probe (Chrono Boost)  
  27  5:39  Gateway  
  28  5:45  Pylon  
  28  5:49  Probe (Chrono Boost)  
  28  5:56  Probe (Chrono Boost)  
  30  6:03  Probe (Chrono Boost)  
  31  6:10  Probe (Chrono Boost)  
  31  6:16  Shadow Fury (Chrono Boost)  
  32  6:22  Probe (Chrono Boost)  
  32  6:26  Probe (Chrono Boost)  
  34  6:36  Probe (Chrono Boost)  
  35  6:40  Probe (Chrono Boost)  
  36  6:50  Probe (Chrono Boost)  
  36  6:51  Gateway  
  36  6:52  Gateway  
  36  6:53  Probe (Chrono Boost)  
  38  7:02  Gateway  
  38  7:04  Protoss Ground Weapons Level 3, Probe (Chrono Boost)  
  39  7:16  Dark Templar  
  39  7:17  Dark Templar  
  43  7:25  Pylon  
  43  7:30  Dark Templar x2  
  43  7:36  Dark Templar  
  49  8:02  Dark Templar x2  
  53  8:15  Dark Templar x2  
  57  8:21  Dark Templar x2  
  61  8:35  Stalker  
  63  8:46  Stalker  
  63  8:49  Stalker x2  
  69  8:57  Pylon x2  
  69  8:59  Pylon  
  69  9:00  Pylon  
  69  9:09  Pylon  
  69  9:10  Dark Templar Blink (Chrono Boost), Pylon  
  69  9:28  Dark Templar  
  69  9:29  Dark Templar  
  71  9:56  Dark Templar  
  71  9:57  Dark Templar x4  
  81  10:12  Blink  
  81  10:21  Phase Reactor  
  81  10:23  Dark Templar  
  81  10:24  Dark Templar x2  
  87  10:33  Protoss Shields Level 1  
  87  10:42  Stalker x4  
  95  11:07  Dark Templar  
  97  11:16  Dark Templar x3  
  103  11:24  Pylon x2  
  103  11:32  Stalker  
  103  11:36  Dark Templar  
  107  11:40  Stalker  
  107  11:45  Stalker  
  111  11:57  Dark Templar  
  113  12:36  Dark Templar x2  
  113  12:37  Dark Templar x2  
  113  12:38  Dark Templar x2  
  125  12:52  Stalker x2  
  129  13:27  Stalker x2  
  133  13:34  Pylon  
  133  13:37  Pylon  
  133  13:38  Pylon x2  
  133  13:40  Pylon  
  133  14:10  Dark Templar x4  
  133  14:11  Dark Templar  
  133  14:17  Stalker  
  133  14:18  Stalker  
  145  14:26  Pylon  
  145  14:27  Pylon  
  143  14:36  Stalker  
  139  15:10  Dark Pylon  
  139  15:24  Stalker x2  
  139  15:25  Stalker x3  
  139  15:26  Stalker x3  
  155  15:33  Pylon  
  155  15:57  Stalker x2  
  155  15:58  Stalker x4  
  155  15:59  Stalker x2  
Show
View Real Time Build Order
Export as new Build Order

sTkmonk Terran 

Build Orders:  

Get SALT Encoding   

Tags
 
Add a new tag
Caveats
  • Supply blocks, unpowered buildings, or Contaminate may cause inaccurate times.
  • Supply counts are checked every 10 seconds.